[Event "ICCopen2017"]
[Site "Internet Chess Club"]
[Date "2017.04.02"]
[Round "3"]
[White "Koval"]
[Black "YaacovN"]
[Result "0-1"]
[ICCResult "White resigns"]
[WhiteElo "1943"]
[BlackElo "2802"]
[Opening "Trompowsky attack (Ruth, Opocenský opening)"]
[ECO "A45"]
[NIC "QP.07"]
[Time "19:29:50"]
[TimeControl "180+0"]

1. d4 Nf6 2. Bg5 e6 3. e4 h6 4. Bxf6 Qxf6 5. Nc3 d6 6. Qd2 g6 7. Bc4 Bg7 8.
Nf3 Qe7 9. O-O O-O 10. Rad1 a6 11. a4 Nd7 12. Rfe1 c5 13. dxc5 Nxc5 14. e5
d5 15. Ba2 Bd7 16. a5 Rfc8 17. Nd4 Qd8 18. b4 Na4 19. Nxa4 Bxa4 20. Bb3 Bxb3
21. Nxb3 Qc7 22. Nc5 Bf8 23. Nd3 Qxc2 24. Qe3 Qc4 25. Rc1 Qb5 26. h4 h5 27.
g4 hxg4 28. h5 gxh5 29. Qg5+ Bg7 30. Nf4 Rxc1 31. Rxc1 d4 32. Nxh5 Qxe5 33.
Qxg4 Rd8 34. Rd1 d3 35. f4 Rd4 36. Kg2 Qe2+ 37. Qxe2 dxe2 38. Re1 Rd2 39.
Kf3 Bc3 40. Rxe2 Rxe2 41. Kxe2 Bxb4 42. Nf6+ Kg7 43. Nd7 f5 44. Kd3 Kf7 45.
Kd4 Ke7 46. Nb8 Kd6 {White resigns} 0-1

[Event "ICCopen2017"]
[Site "Internet Chess Club"]
[Date "2017.04.02"]
[Round "3"]
[White "sovereignpower"]
[Black "Massada"]
[Result "1-0"]
[ICCResult "Black forfeits on time"]
[WhiteElo "1329"]
[BlackElo "1514"]
[Opening "QGD: Tarrasch defense"]
[ECO "D32"]
[NIC "TD.10"]
[Time "19:29:03"]
[TimeControl "180+0"]

1. d4 d5 2. c4 e6 3. Nc3 c5 4. e3 Nc6 5. cxd5 exd5 6. dxc5 Nf6 7. Bb5 Bxc5
8. Bxc6+ bxc6 9. Nf3 O-O 10. O-O Bg4 11. h3 Bh5 12. g4 Bg6 13. Nd4 Qd7 14.
f4 Be4 15. Nb3 Bb6 16. g5 Qxh3 17. Nxe4 Nxe4 18. Qf3 Ng3 19. Rf2 h5 20. Qg2
Qg4 21. Nd4 h4 22. Bd2 h3 23. Qf3 Qxf3 24. Nxf3 Ne4 25. Re2
{Black forfeits on time}
1-0

[Event "ICCopen2017"]
[Site "Internet Chess Club"]
[Date "2017.04.02"]
[Round "3"]
[White "PaulieChessnut"]
[Black "TudoracheM"]
[Result "0-1"]
[ICCResult "White forfeits on time"]
[WhiteElo "1362"]
[BlackElo "1703"]
[Opening "King's Indian defense"]
[ECO "E60"]
[NIC "KI.80"]
[Time "19:29:04"]
[TimeControl "180+0"]

1. d4 Nf6 2. c4 g6 3. Nd2 Bg7 4. Ngf3 O-O 5. e3 d6 6. Bd3 h6 7. h3 Nc6 8. a3
Nd7 9. O-O e5 10. d5 Ne7 11. Qc2 f5 12. e4 f4 13. b4 g5 14. Bb2 Nf6 15. Nh2
g4 16. Nxg4 Nxg4 17. hxg4 Bxg4 18. f3 Bd7 19. Kf2 Ng6 20. Rh1 Qg5 21. Nf1 h5
22. Rh2 h4 23. Ra2 Bf6 24. Ke1 Kg7 25. Bc3 Rh8 26. Kd1 h3 27. Be1 hxg2 28.
Rxg2 Qh5 29. Be2 Kf7 30. c5 Rac8 31. c6 bxc6 32. dxc6 Be6 33. Ba6 Rcf8 34.
Bc4 Qxf3+ 35. Re2 Rd8 36. Bxe6+ Kxe6 37. Qc4+ Ke7 38. Nd2 Qg4 39. Qd3 Qe6
40. Rc2 Nh4 41. Nf3 Nxf3 42. Qxf3 Rh3 43. Qf1 d5 44. Kc1 d4 45. Qg1 d3
{White forfeits on time}
0-1

[Event "ICCopen2017"]
[Site "Internet Chess Club"]
[Date "2017.04.02"]
[Round "3"]
[White "Tlaloc"]
[Black "GolfPro"]
[Result "1/2-1/2"]
[ICCResult "Game drawn because neither player has mating material"]
[WhiteElo "2506"]
[BlackElo "1880"]
[Opening "Réti: King's Indian attack, Yugoslav variation"]
[ECO "A07"]
[NIC "QP.09"]
[Time "19:29:24"]
[TimeControl "180+0"]

1. Nf3 d5 2. g3 Nf6 3. Bg2 Bg4 4. O-O c6 5. d3 Nbd7 6. Nbd2 e6 7. h3 Bh5 8.
e4 dxe4 9. dxe4 Bc5 10. Qe1 O-O 11. Kh1 Bxf3 12. Nxf3 Qb6 13. a3 a5 14. e5
Nd5 15. c4 Ne7 16. Qe2 Rad8 17. Bg5 h6 18. Bh4 g5 19. Nxg5 hxg5 20. Bxg5 f6
21. exf6 Nxf6 22. Qxe6+ Kg7 23. Rae1 Ng6 24. h4 Rd6 25. Bxf6+ Rxf6 26. Qg4
Kf7 27. h5 Nf8 28. Re5 Bd4 29. Rg5 Qxb2 30. Rg7+ Ke8 31. Re1+ Rfe6 32. Rxe6+
Rxe6 33. Rg8 Qc1+ 34. Kh2 Qh6 35. Qf5 Ke7 36. Bh3 Qf6 37. Qxf6+ Rxf6 38.
Rg7+ Rf7 39. Rxf7+ Kxf7 40. Kg2 Kg7 41. Bc8 b5 42. cxb5 cxb5 43. Ba6 b4 44.
axb4 axb4 45. Bc4 Kh6 46. Bb3 Nd7 47. g4 Ne5 48. Kg3 Bxf2+ 49. Kxf2 Nxg4+
50. Kg3 Nf6 51. Kf4 Nxh5+ 52. Ke5 Ng7 53. Kd4 Kg5 54. Kc4 Nf5 55. Kxb4
{Game drawn because neither player has mating material}
1/2-1/2

[Event "ICCopen2017"]
[Site "Internet Chess Club"]
[Date "2017.04.02"]
[Round "3"]
[White "alejandrorios"]
[Black "lestri"]
[Result "1-0"]
[ICCResult "Black forfeits on time"]
[WhiteElo "2102"]
[BlackElo "2521"]
[Opening "Philidor: Improved Hanham variation"]
[ECO "B07"]
[NIC "VO.17"]
[Time "19:29:20"]
[TimeControl "180+0"]

1. e4 d6 2. Nf3 Nf6 3. Nc3 e5 4. d4 Nbd7 5. dxe5 dxe5 6. Bc4 Bb4 7. O-O O-O
8. Re1 c6 9. a3 Be7 10. b4 a5 11. b5 Qc7 12. Bb2 Nc5 13. a4 Be6 14. Qe2 Rad8
15. Ba3 Rfe8 16. Bxc5 Bxc5 17. Bxe6 Rxe6 18. bxc6 bxc6 19. Qc4 Qa7 20. Re2
h6 21. h3 Bb4 22. Na2 Qc5 23. Qb3 Qe7 24. Nxb4 axb4 25. a5 c5 26. Qc4 Qc7
27. c3 bxc3 28. Qxc3 c4 29. a6 Ra8 30. Ra4 Raxa6 31. Rxc4 Qe7 32. Rc7 Qd6
33. Rc8+ Kh7 34. Rc7 Ra3 35. Qc5 Rd3 36. Qxd6 Rdxd6 37. Rxf7 Kg6 38. Rc7 Rd3
39. Rc5 Nd7 40. Rd5 {Black forfeits on time} 1-0

[Event "ICCopen2017"]
[Site "Internet Chess Club"]
[Date "2017.04.02"]
[Round "3"]
[White "domti"]
[Black "DreadHead"]
[Result "0-1"]
[ICCResult "White checkmated"]
[WhiteElo "1911"]
[BlackElo "2470"]
[Opening "Robatsch (modern) defense"]
[ECO "B06"]
[NIC "KF.05"]
[Time "19:29:18"]
[TimeControl "180+0"]

1. e4 g6 2. d4 Bg7 3. Nc3 d6 4. Be3 Nf6 5. f3 O-O 6. Qd2 e5 7. O-O-O exd4 8.
Bxd4 Nc6 9. Be3 Be6 10. Nge2 a6 11. Nf4 Qe7 12. Kb1 b5 13. h4 Ne5 14. h5 b4
15. Ncd5 Bxd5 16. Nxd5 Nxd5 17. exd5 a5 18. Bh6 a4 19. Bxg7 Kxg7 20. Qd4 Qf6
21. Bb5 a3 22. b3 h6 23. Rhf1 Rab8 24. Be2 Nd7 25. f4 Qxd4 26. Rxd4 Rfe8 27.
Bf3 f5 28. hxg6 Kxg6 29. Kc1 Nf6 30. Kd2 h5 31. Re1 Rxe1 32. Kxe1 h4 33. Kd2
Kf7 34. Kd3 Rb5 35. Kc4 Rc5+ 36. Kxb4 Rxc2 37. Kxa3 Rf2 38. Rc4 h3 39. Rxc7+
Kg6 40. gxh3 Rxf3 41. Rc6 Rxf4 42. Rxd6 Rd4 43. b4 f4 44. Rc6 f3 45. Rc3 Rf4
46. Rc1 f2 47. d6 f1=Q 48. Rxf1 Rxf1 49. b5 Nd7 50. Kb4 Kf6 51. a4 Ke6 52.
a5 Kxd6 53. a6 Kc7 54. Ka5 Ra1+ 55. Kb4 Kb6 56. Kc4 Rb1 57. Kd5 Rxb5+ 58.
Kd6 Kxa6 59. Kxd7 Rh5 60. Ke6 Rxh3 61. Kf5 Rd3 62. Kg4 Rd7 63. Kf4 Kb6 64.
Kf5 Kc6 65. Ke6 Rc7 66. Ke5 Re7+ 67. Kf4 Kd6 68. Kg5 Ke5 69. Kg6 Rd7 70. Kh6
Kf5 71. Kh5 Rh7# {White checkmated} 0-1

[Event "ICCopen2017"]
[Site "Internet Chess Club"]
[Date "2017.04.02"]
[Round "3"]
[White "olimpus"]
[Black "Harmony1957"]
[Result "1-0"]
[ICCResult "Black resigns"]
[WhiteElo "2692"]
[BlackElo "2247"]
[Opening "Sicilian: Kan, 5.Nc3"]
[ECO "B43"]
[NIC "SI.44"]
[Time "19:29:36"]
[TimeControl "180+0"]

1. e4 c5 2. Nc3 e6 3. Nf3 a6 4. d4 cxd4 5. Nxd4 Qc7 6. Bd3 Nf6 7. Qe2 d6 8.
O-O Nbd7 9. Bd2 b5 10. Kh1 Bb7 11. a3 Be7 12. f4 h5 13. Rae1 h4 14. Rf3 h3
15. Rxh3 Rxh3 16. gxh3 Nc5 17. Kg1 d5 18. e5 Nfe4 19. Bxe4 dxe4 20. Be3 g5
21. Qf2 gxf4 22. Qxf4 O-O-O 23. Qxf7 Kb8 24. Nxe6 Nxe6 25. Qxe6 Bc5 26. Kf2
Bxe3+ 27. Rxe3 Qc5 28. Ke2 Qd4 29. Qh6 Qd2+ 30. Kf1 Qxh2 31. e6 Qh1+ 32. Kf2
Qh2+ 33. Kf1 Rd2 34. Re2 Qh1+ 35. Kf2 Qf3+ 36. Ke1 Rxe2+ 37. Nxe2 e3 38.
Qf4+ Qxf4 39. Nxf4 Kc7 40. h4 Kd6 41. h5 Be4 42. h6 Bxc2 43. Ke2 Ke7 44.
Kxe3 Kf6 45. Kd4 Bf5 46. Kc5 Kg5 47. e7 Bd7 48. h7 {Black resigns} 1-0

[Event "ICCopen2017"]
[Site "Internet Chess Club"]
[Date "2017.04.02"]
[Round "3"]
[White "Assured"]
[Black "unkavalo"]
[Result "1-0"]
[ICCResult "Black forfeits on time"]
[WhiteElo "2849"]
[BlackElo "2380"]
[Opening "Queen's Indian: 4.g3 Bb7"]
[ECO "E15"]
[NIC "QI.06"]
[Time "19:29:33"]
[TimeControl "180+0"]

1. d4 Nf6 2. c4 e6 3. Nf3 b6 4. g3 Bb7 5. Bg2 c5 6. d5 exd5 7. cxd5 Bxd5 8.
Nc3 Bc6 9. O-O Be7 10. e4 O-O 11. Nh4 g6 12. Bg5 Re8 13. Qd2 Na6 14. Rad1
Nc7 15. f4 Ne6 16. e5 Nh5 17. Bxe7 Qxe7 18. Bxc6 dxc6 19. Ne4 Red8 20. Qf2
Nd4 21. Rde1 Rd5 22. Nc3 Rd7 23. f5 Rad8 24. e6 fxe6 25. fxg6 hxg6 26. Nxg6
Qg5 27. Ne5 Rg7 28. Re4 Nf5 29. Rg4 Qxg4 30. Nxg4 Rxg4 31. Qe2 Rg5 32. Qxe6+
{Black forfeits on time}
1-0

[Event "ICCopen2017"]
[Site "Internet Chess Club"]
[Date "2017.04.02"]
[Round "3"]
[White "Federicov"]
[Black "Shech"]
[Result "1-0"]
[ICCResult "Black resigns"]
[WhiteElo "3092"]
[BlackElo "2452"]
[Opening "Caro-Kann: advance variation"]
[ECO "B12"]
[NIC "CK.04"]
[Time "19:29:46"]
[TimeControl "180+0"]

1. e4 c6 2. d4 d5 3. e5 Bf5 4. h4 h6 5. g4 Bd7 6. Nc3 e6 7. h5 c5 8. f4 Qb6
9. Nf3 Nc6 10. Ne2 cxd4 11. Nexd4 Nxd4 12. Nxd4 Bc5 13. c3 Ne7 14. b4 Bxd4
15. Qxd4 Qxd4 16. cxd4 Nc6 17. Be3 Nxb4 18. Rb1 Nc2+ 19. Kd2 Nxe3 20. Kxe3
Bc6 21. Bd3 O-O 22. g5 a6 23. Rhg1 Kh8 24. Rg2 Bb5 25. gxh6 gxh6 26. f5 Bxd3
27. Kxd3 exf5 28. Rb6 Kh7 29. Rxb7 Rab8 30. Ra7 Ra8 31. Rd7 Rad8 32. Re7
Rde8 33. Rd7 Rd8 34. Rc7 Rc8 35. Rgc2 Rxc7 36. Rxc7 Kg8 37. Rc6 f6 38. Rxa6
fxe5 39. dxe5 f4 40. Rg6+ Kh7 41. Rf6 Ra8 42. e6 Re8 43. Kd4 f3 44. Kxd5
{Black resigns}
1-0

[Event "ICCopen2017"]
[Site "Internet Chess Club"]
[Date "2017.04.02"]
[Round "3"]
[White "kaimann"]
[Black "YHWH"]
[Result "1-0"]
[ICCResult "Black resigns"]
[WhiteElo "1914"]
[BlackElo "1542"]
[Opening "Benko's opening"]
[ECO "A00"]
[NIC "VO.09"]
[Time "19:29:41"]
[TimeControl "180+0"]

1. g3 d5 2. Bg2 c5 3. d3 Nc6 4. Nd2 Bf5 5. e4 dxe4 6. dxe4 Bc8 7. Ngf3 Nf6
8. O-O Bg4 9. h3 Bd7 10. e5 Nd5 11. c4 Nb6 12. b3 Qc8 13. Kh2 h5 14. Bb2 Qc7
15. Re1 e6 16. Ne4 Nc8 17. Nd6+ Nxd6 18. exd6 Bxd6 19. Bxg7 Rg8 20. Bf6 Ne7
21. Ne5 O-O-O 22. Nxf7 Bxg3+ 23. Kh1 Bxf2 24. Bxe7 Rxg2 25. Nd6+ Kb8 26.
Kxg2 Bc6+ 27. Kxf2 Rg8 28. Rg1 Re8 29. Bf6 Rf8 30. Rg6 Qh7 31. Qg1 Qd7 32.
Rd1 e5 33. Rg8 Rxg8 34. Qxg8+ Kc7 35. Nb5+ Bxb5 36. Rxd7+ Kxd7 37. Bxe5 Bc6
38. Qf7+ {Black resigns} 1-0

[Event "ICCopen2017"]
[Site "Internet Chess Club"]
[Date "2017.04.02"]
[Round "3"]
[White "Rluis"]
[Black "AreYouSerious"]
[Result "0-1"]
[ICCResult "White forfeits on time"]
[WhiteElo "1204"]
[BlackElo "1818"]
[Opening "Alekhine's defense: Maróczy variation"]
[ECO "B02"]
[NIC "AL.10"]
[Time "19:28:51"]
[TimeControl "180+0"]

1. e4 Nf6 2. d3 d6 3. g3 c6 4. Bg2 e5 5. Nd2 Be7 6. Ngf3 O-O 7. O-O Bg4 8.
Re1 Na6 9. Nf1 Nc7 10. Ne3 Be6 11. c3 Qd7 12. Ng5 h6 13. Nxe6 Nxe6 14. Nf5
Rfe8 15. f4 Bf8 16. Qf3 g6 17. fxe5 dxe5 18. Nxh6+ Bxh6 19. Bxh6 Nh5 20. Bh3
Ng5 21. Bxg5 Qxh3 22. Rf1 f6 23. Be3 Re6 24. g4 Qxf3 25. Rxf3 Ng7 26. Raf1
Rf8 27. Bh6 Rf7 28. h4 Rd6 29. Kg2 b5 30. Kg3 a5 31. Bd2 Rdd7 32. b3 c5 33.
c4 b4 34. Bc1 Ne6 35. Bb2 g5 36. h5 Nf4 37. Rd1 Ne2+ 38. Kf2 Nf4 39. Bc1 Rd6
40. Bxf4 exf4 41. Ke2 Rfd7 42. Rh1 a4 43. Rhh3 axb3 44. axb3 Ra6 45. Rh1
Rda7 46. Rd1 Ra2+ 47. Rd2 Rxd2+ 48. Kxd2 Ra2+ 49. Kc1 Ra3 50. Kc2 Ra7 51. h6
Kh7 52. d4 cxd4 53. Kd3 Rd7 54. c5 Kg6 55. Kc4 d3 56. Rf1 Kxh6 57. Rd1 Re7
58. Rxd3 Rxe4+ 59. Kd5 Re5+ 60. Kd6 f3 61. c6 Kg6 62. Rxf3 Re8 63. c7 Rf8
64. Kd7 Rf7+ {White forfeits on time} 0-1

[Event "ICCopen2017"]
[Site "Internet Chess Club"]
[Date "2017.04.02"]
[Round "3"]
[White "gannikus1992"]
[Black "MeneerMandje"]
[Result "1-0"]
[ICCResult "Black forfeits on time"]
[WhiteElo "2469"]
[BlackElo "1966"]
[Opening "Ruy Lopez: Schliemann defense"]
[ECO "C63"]
[NIC "RL.06"]
[Time "19:29:39"]
[TimeControl "180+0"]

1. e4 e5 2. Nf3 Nc6 3. Bb5 f5 4. d3 fxe4 5. dxe4 Nf6 6. Nc3 Bb4 7. Bg5 Bxc3+
8. bxc3 d6 9. c4 O-O 10. c5 Bg4 11. Bxc6 bxc6 12. h3 Bh5 13. Qd3 Kh8 14. O-O
Qe8 15. cxd6 cxd6 16. Nh4 Rd8 17. Rfe1 h6 18. Bd2 Qf7 19. Qg3 g5 20. Nf5
Nxe4 21. Nxh6 Qg6 22. Rxe4 Qxe4 23. Bxg5 Rd7 24. Ng4 Rg7 25. Bf6 Rxf6 26.
Nxf6 Qf5 27. Qh4 Rg5 28. Nxh5 Rxh5 29. Qd8+ Kh7 30. Rb1 Kh6 31. Rb7 Qxc2 32.
Qh8+ Kg5 33. Rg7+ Kf6 34. Rh7+ Ke6 35. Qe8+ Kf6 36. Qh8+ Ke6 37. Qg8+ Kf6
38. Rxh5 Qc1+ 39. Kh2 {Black forfeits on time} 1-0

[Event "ICCopen2017"]
[Site "Internet Chess Club"]
[Date "2017.04.02"]
[Round "3"]
[White "kamalchandran"]
[Black "lsokol"]
[Result "0-1"]
[ICCResult "White forfeits on time"]
[WhiteElo "1780"]
[BlackElo "2340"]
[Opening "Sicilian defense"]
[ECO "B30"]
[NIC "SI.31"]
[Time "19:29:16"]
[TimeControl "180+0"]

1. e4 c5 2. Nf3 Nc6 3. g3 Nf6 4. d3 d5 5. exd5 Nxd5 6. Bg2 g6 7. O-O Bg7 8.
c3 O-O 9. Nbd2 b6 10. Nb3 Bb7 11. d4 cxd4 12. Nfxd4 e5 13. Nxc6 Bxc6 14. c4
Nb4 15. Bxc6 Nxc6 16. Qxd8 Rfxd8 17. Be3 e4 18. Rab1 Rd3 19. Nc1 Rd7 20. b3
Nd4 21. Bxd4 Bxd4 22. Ne2 Be5 23. f4 Bf6 24. f5 g5 25. g4 Rd2 26. Ng3 Re8
27. Rbd1 Rxa2 28. Rfe1 e3 29. Rd3 Kf8 30. Kh1 e2 31. Kg1 Ra1 32. Kf2 Rxe1
33. Kxe1 Be5 34. Re3 Bxg3+ 35. Rxg3 Re4 36. h3 Ke7 37. Rg2 Kd6 38. Rxe2 Rf4
39. Re8 Rf3 40. Rh8 Rxh3 41. Rg8 a5 42. Rxg5 f6 43. Rg7 Kc5 44. Rf7 Rxb3 45.
Rxf6 Rg3 46. Re6 Rxg4 47. f6 Rf4 48. Re5+ Kxc4 49. Re8 Rxf6 50. Rc8+ Kb3 51.
Rb8 a4 52. Rh8 h6 53. Rh7 a3 54. Ra7 a2 55. Ra8 Kb2 56. Rxa2+ Kxa2 57. Kd1
Rf2 {White forfeits on time} 0-1

[Event "ICCopen2017"]
[Site "Internet Chess Club"]
[Date "2017.04.02"]
[Round "3"]
[White "BrentMusburger"]
[Black "Darnoc"]
[Result "0-1"]
[ICCResult "White checkmated"]
[WhiteElo "2352"]
[BlackElo "2911"]
[Opening "Réti accepted"]
[ECO "A09"]
[NIC "RE.19"]
[Time "19:30:18"]
[TimeControl "180+0"]

1. Nf3 d5 2. c4 dxc4 3. Qa4+ Nd7 4. Qxc4 e5 5. d3 Bd6 6. g3 Ngf6 7. Bg2 O-O
8. O-O Re8 9. Qc2 h6 10. a3 c5 11. Nbd2 Nb8 12. b3 Nc6 13. Bb2 Bg4 14. h3
Bf5 15. Ne4 Nxe4 16. dxe4 Be6 17. e3 Qb6 18. Nd2 Na5 19. Nc4 Nxc4 20. bxc4
Qa6 21. Rac1 Rad8 22. f4 f6 23. g4 Bc7 24. f5 Bf7 25. h4 Rd6 26. Rf2 Red8
27. g5 Rd3 28. gxh6 gxh6 29. Qe2 Kh7 30. Qf3 Qd6 31. Kh2 Rd1 32. Rxd1 Qxd1
33. Qg3 Rg8 34. Qh3 Bh5 35. Bf3 Qg1# {White checkmated} 0-1

[Event "ICCopen2017"]
[Site "Internet Chess Club"]
[Date "2017.04.02"]
[Round "3"]
[White "NWRiver"]
[Black "Jude"]
[Result "0-1"]
[ICCResult "White forfeits on time"]
[WhiteElo "1605"]
[BlackElo "1931"]
[Opening "Sicilian defense"]
[ECO "B20"]
[NIC "SI.48"]
[Time "19:29:38"]
[TimeControl "180+0"]

1. e4 c5 2. d3 Nc6 3. Nf3 g6 4. c3 Bg7 5. Nbd2 e5 6. Be2 Nge7 7. h3 O-O 8.
b3 d5 9. exd5 Nxd5 10. Bb2 Nf4 11. Ne4 Nxg2+ 12. Kf1 Nf4 13. Rc1 Bxh3+ 14.
Kg1 Qd7 15. Nfg5 h6 16. Nxh3 Nxh3+ 17. Kg2 Nf4+ 18. Kf1 b6 19. Bf3 Rad8 20.
d4 cxd4 21. cxd4 Nxd4 22. Bxd4 Qxd4 23. Qxd4 Rxd4 24. Kg1 Rfd8 25. Kh2 f5
26. Ng3 e4 27. Be2 Nxe2 28. Nxe2 Rd2 29. Rhe1 Rxa2 30. Kg2 Rdd2 31. Kf1 Be5
32. Rc8+ Kf7 33. Rc4 Ke6 34. b4 Rdc2 35. Rxc2 Rxc2 36. Ng3 Bxg3 37. fxg3 a5
38. bxa5 bxa5 39. Ra1 Rc5 40. Ra4 Ke5 41. Ke2 g5 42. Ke3 f4+ 43. gxf4+ gxf4+
44. Ke2 h5 45. Kf2 h4 46. Ke2 h3 47. Kf2 Rc2+ 48. Kg1 f3 49. Rxa5+ Kf4 50.
Rh5 Kg4 51. Rh8 h2+ {White forfeits on time} 0-1

[Event "ICCopen2017"]
[Site "Internet Chess Club"]
[Date "2017.04.02"]
[Round "3"]
[White "sanguine"]
[Black "ivancele"]
[Result "0-1"]
[ICCResult "White forfeits on time"]
[WhiteElo "1024"]
[BlackElo "1474"]
[Opening "King's pawn opening"]
[ECO "B07"]
[NIC "VO.17"]
[Time "19:29:26"]
[TimeControl "180+0"]

1. e4 d6 2. Nf3 Nf6 3. d4 c6 4. Bd3 g6 5. c4 Qc7 6. Nc3 e5 7. Ne2 Bg7 8. d5
c5 9. O-O a6 10. Qa4+ Bd7 11. Qb3 O-O 12. Ng3 Be8 13. Bg5 Nbd7 14. Nh4 h6
15. Bxf6 Bxf6 16. Ngf5 gxf5 17. Nxf5 Kh7 18. Be2 Rg8 19. Qh3 Bg5 20. f4 exf4
21. Bh5 Ne5 22. g4 fxg3 23. hxg3 Bd7 24. g4 Bxf5 25. gxf5 f6 26. Bg6+ Nxg6
27. fxg6+ Kxg6 28. Qf5+ Kg7 29. Rf3 Rgf8 30. Rg3 Rae8 31. Rf1 Re5 32. Qh3
Rxe4 33. Qf5 Re5 34. Qf3 Qb6 35. Qd3 Qb4 36. b3 Re1 37. Rxg5+ hxg5 38. Rxe1
Qxe1+ 39. Kh2 Rh8+ 40. Kg2 Qh1+ 41. Kf2 Rh2+ {White forfeits on time} 0-1

[Event "ICCopen2017"]
[Site "Internet Chess Club"]
[Date "2017.04.02"]
[Round "3"]
[White "playwaycool"]
[Black "TorelliMirco"]
[Result "1-0"]
[ICCResult "Black forfeits on time"]
[WhiteElo "2184"]
[BlackElo "1735"]
[Opening "Benoni: 6.e4"]
[ECO "A65"]
[NIC "BI.36"]
[Time "19:28:56"]
[TimeControl "180+0"]

1. d4 c5 2. d5 e6 3. c4 exd5 4. cxd5 d6 5. Nc3 Nf6 6. e4 g6 7. Bd3 Bg7 8.
Nge2 O-O 9. O-O Na6 10. a3 Nc7 11. h3 b5 12. Qc2 Rb8 13. Ng3 Re8 14. f4 b4
15. axb4 cxb4 16. Nce2 b3 17. Qc4 a6 18. Nd4 Bb7 19. Nxb3 Ncxd5 20. Na5 Nb6
21. Nxb7 Rxb7 22. Qxa6 Rb8 23. Qa2 Ra8 24. Qb1 Rxa1 25. Qxa1 Nfd7 26. Bb5
Re7 27. Be3 Nc5 28. Bxc5 dxc5 29. Rd1 Bd4+ 30. Kh2 Qc7 31. Qc1 Nc8 32. e5
Na7 33. Bc4 Nc6 34. Ne4 Nxe5 35. Nf6+ Kg7 36. Nd5 Nf3+ 37. gxf3 Qd8 38. Nxe7
{Black forfeits on time}
1-0

[Event "ICCopen2017"]
[Site "Internet Chess Club"]
[Date "2017.04.02"]
[Round "3"]
[White "soyleyenda"]
[Black "Bonao"]
[Result "1/2-1/2"]
[ICCResult "Black ran out of time and White has no material to mate"]
[WhiteElo "1644"]
[BlackElo "1920"]
[Opening "Petrov: Cochrane gambit"]
[ECO "C42"]
[NIC "RG.03"]
[Time "19:28:47"]
[TimeControl "180+0"]

1. e4 e5 2. Nf3 Nf6 3. Nxe5 d6 4. Nxf7 Kxf7 5. d4 Qe8 6. f3 c5 7. Nc3 cxd4
8. Qxd4 Nc6 9. Qd1 Be7 10. Bg5 Be6 11. Qd2 h6 12. Bh4 g5 13. Bg3 Rf8 14.
O-O-O Kg7 15. h4 Nh5 16. Bxd6 Rd8 17. e5 gxh4 18. Kb1 Bg5 19. Qe1 Rf4 20.
Bd3 Ng3 21. Rg1 Qf7 22. Qf2 Bf5 23. a3 Bxd3 24. Rxd3 Nf5 25. Rgd1 Rd7 26.
Bf8+ Qxf8 27. Rxd7+ Kg8 28. e6 Qf6 29. Qe1 Rd4 30. R7xd4 Ncxd4 31. Nd5 Qg6
32. Qa5 Qxe6 33. Nc7 Qb6 34. Qd5+ Kh8 35. Ne6 Qc6 36. Qxc6 Nxc6 37. Nxg5
hxg5 38. Rd7 b5 39. Rc7 Ncd4 40. Rxa7 Ne3 41. Rd7 Ndxc2 42. Rd3 Kg7 43. Rc3
Kf6 44. Rxc2 Nxc2 45. Kxc2 Kf5 46. Kc3 Kf4 47. Kb4 Kg3 48. Kxb5 Kxg2 49. a4
h3 50. a5 h2 51. a6 h1=Q 52. a7 Qf1+ 53. Kb6 Qb1 54. a8=Q Qxb2+ 55. Kc5 Qc2+
56. Kd4 Qd2+ 57. Kc5 Qe3+ 58. Kc4 Qxf3 59. Qa2+ Kg3 60. Qa7 g4 61. Qc7+ Qf4+
62. Qxf4+ Kxf4 63. Kd4 g3 64. Kd3 g2 65. Kd4 g1=Q+ 66. Kd5 Qe3 67. Kc6 Qe5
68. Kd7 Qd4+ 69. Kc6 Kf5 70. Kb5
{Black ran out of time and White has no material to mate}
1/2-1/2

[Event "ICCopen2017"]
[Site "Internet Chess Club"]
[Date "2017.04.02"]
[Round "3"]
[White "snaillike"]
[Black "Seraphim"]
[Result "0-1"]
[ICCResult "White checkmated"]
[WhiteElo "1289"]
[BlackElo "1840"]
[Opening "Blackmar-Diemer gambit"]
[ECO "D00"]
[NIC "QP.07"]
[Time "19:29:38"]
[TimeControl "180+0"]

1. d4 Nf6 2. Nc3 d5 3. e4 dxe4 4. f3 exf3 5. Nxf3 Bg4 6. Bd3 Nbd7 7. O-O e6
8. Bg5 Be7 9. Qe1 h6 10. Qh4 Bxf3 11. Rxf3 O-O 12. Bxh6 Re8 13. Bg5 Nf8 14.
Rh3 Ng6 15. Bxg6 fxg6 16. Rf1 Kf7 17. Ne4 Qxd4+ 18. Kh1 Rad8 19. Rhf3 Rh8
20. Qf4 Ke8 21. Nxf6+ gxf6 22. Bxf6 Bxf6 23. Qxf6 Qxf6 24. Rxf6 Ke7 25. Rf7+
Kd6 26. Rd1+ Kc6 27. Rxd8 Rxd8 28. h3 Rd2 29. Rf6 Kd6 30. Rxg6 Rxc2 31. b4
Rb2 32. a4 Rxb4 33. a5 c5 34. Rg4 Rxg4 35. hxg4 c4 36. g5 c3 37. g6 Ke7 38.
g7 Kf7 39. Kg1 Kxg7 40. Kf1 c2 41. Ke2 c1=Q 42. Kf3 Qa1 43. Kg3 Qxa5 44. Kg4
Qf5+ 45. Kg3 a5 46. Kh2 a4 47. g3 Qf3 48. Kh3 a3 49. Kh4 Kg6 50. Kh3 a2 51.
Kh2 a1=Q 52. g4 Qah1# {White checkmated} 0-1

[Event "ICCopen2017"]
[Site "Internet Chess Club"]
[Date "2017.04.02"]
[Round "3"]
[White "Zloy17"]
[Black "trianon"]
[Result "1-0"]
[ICCResult "Black checkmated"]
[WhiteElo "1869"]
[BlackElo "2076"]
[Opening "Trompowsky attack (Ruth, Opocenský opening)"]
[ECO "A45"]
[NIC "QP.07"]
[Time "19:29:48"]
[TimeControl "180+0"]

1. d4 Nf6 2. Bg5 e6 3. e4 h6 4. Bxf6 Qxf6 5. c3 d6 6. Bd3 Nc6 7. Ne2 g5 8.
O-O Bg7 9. f4 Qe7 10. Nd2 Bd7 11. Ng3 gxf4 12. Nh5 Bf6 13. Nxf4 O-O-O 14.
Nf3 h5 15. b4 Rdg8 16. b5 Nd8 17. a4 Bg5 18. Nxg5 Qxg5 19. Qf3 Qg4 20. Qxg4
hxg4 21. e5 Rh6 22. g3 f6 23. Rae1 dxe5 24. dxe5 f5 25. Ne2 Nf7 26. Nd4 Ng5
27. Re2 Rgh8 28. c4 b6 29. a5 Kb8 30. Ra1 Rc8 31. Rea2 c5 32. bxc6 Bxc6 33.
axb6 axb6 34. Nxc6+ Rxc6 35. Ra8+ Kc7 36. R1a7# {Black checkmated} 1-0

[Event "ICCopen2017"]
[Site "Internet Chess Club"]
[Date "2017.04.02"]
[Round "3"]
[White "sravanrenjith"]
[Black "arshavin2015"]
[Result "1/2-1/2"]
[ICCResult "White ran out of time and Black has no material to mate"]
[WhiteElo "1648"]
[BlackElo "1969"]
[Opening "Modern defense"]
[ECO "A40"]
[NIC "KI.77"]
[Time "19:29:03"]
[TimeControl "180+0"]

1. d4 g6 2. c4 Bg7 3. Nf3 c5 4. e3 Nf6 5. Nc3 O-O 6. Be2 cxd4 7. exd4 d5 8.
Be3 Nc6 9. O-O dxc4 10. Bxc4 Na5 11. Be2 Be6 12. Ng5 Bc4 13. Bxc4 Nxc4 14.
Qb3 Nb6 15. Rad1 Nfd5 16. Nge4 Rc8 17. Nc5 Nxc3 18. bxc3 Qd5 19. Rc1 Qxb3
20. axb3 Rc7 21. Bf4 e5 22. Bg3 Re7 23. dxe5 Bxe5 24. Bxe5 Rxe5 25. Nxb7 Rb8
26. Nd6 Nd5 27. c4 Nf4 28. Kh1 Rxb3 29. c5 Nd5 30. c6 Nc7 31. Ra1 a5 32. Nb7
Rbb5 33. Rfd1 Red5 34. Rxd5 Rxd5 35. Nxa5 Rc5 36. Kg1 f5 37. Kf1 Kf7 38. Ke2
Ke6 39. Ke3 Kd6 40. Nb7+ Kxc6 41. Nxc5 Kxc5 42. Rc1+ Kd6 43. Kf4 Ne6+ 44.
Kg3 Ke5 45. f4+ Kf6 46. Rc6 Ke7 47. Ra6 Kf6 48. Ra7 h6 49. Kf3 g5 50. fxg5+
hxg5 51. Ra6 Ke5 52. Ra5+ Kf6 53. Ra6 Ke7 54. Ra7+ Kd6 55. Ra6+ Kd5 56. Rxe6
Kxe6 57. h3 Ke5 58. g3 Kd4 59. h4 g4+ 60. Kf4 Kd5 61. Kxf5 Kd6 62. Kxg4 Ke7
63. h5 Kf6 64. Kh4 Kf7 65. g4 Kg8 66. g5 Kg7 67. Kg4 Kh7 68. Kf5 Kg8 69. Kf6
Kh8 70. g6 Kg8 71. h6 Kh8 72. Kg5 Kg8 73. g7 Kh7 74. Kf6 Kg8 75. h7+ Kxh7
76. Kf7 Kh6 {White ran out of time and Black has no material to mate}
1/2-1/2